Map: Radhuset Station LE

Players

TorvaMessor - Winner!

  • Race: Terran Terran
  • League: Diamond
  • Spawn Location: 7:00

SubN

  • Race: Zerg Zerg
  • League: Diamond
  • Spawn Location: 1:00

VOD

Have the link to the VOD?

Description

Time

  • Played on: Nov. 22, 2023, 6:53 p.m.
  • Length: 4:35
Show
View Real Time Build Order
Export as new Build Order

TorvaMessor Terran - Winner!

Build Orders: 1/1/1, Liberator Opening 

Get SALT Encoding   

  12  0:01  SCV  
  13  0:13  SCV  
  14  0:17  Supply Depot  
  14  0:25  SCV  
  15  0:39  SCV  
  15  0:41  Barracks  
  16  0:45  Refinery  
  16  0:51  SCV  
  16  0:55  Refinery  
  17  1:03  SCV  
  18  1:15  SCV  
  19  1:27  SCV  
  19  1:28  Supply Depot  
  20  1:34  Factory  
  20  1:39  SCV  
  21  1:43  Barracks Reactor  
  21  1:51  SCV  
  22  2:03  SCV  
  23  2:08  Supply Depot  
  23  2:17  Starport  
  23  2:26  Hellion x2, Barracks Reactor  
  27  2:47  Hellion x2  
  31  3:06  Liberator x2  
  31  3:08  Hellion  
  39  3:32  Supply Depot  
Show
View Real Time Build Order
Export as new Build Order

SubN Zerg 

Build Orders: Hatch First 

Get SALT Encoding   

  12  0:00  Drone  
  13  0:12  Overlord  
  13  0:18  Drone  
  14  0:30  Drone x2  
  16  0:51  Hatchery  
  16  0:56  Drone x2  
  17  0:59  Drone  
  17  1:03  Extractor  
  17  1:16  Spawning Pool  
  16  1:19  Drone  
  17  1:27  Drone  
  17  1:29  Drone  
  19  1:39  Drone  
  20  2:00  Overlord  
  20  2:04  Queen x2  
  20  2:06  Zergling x2  
  26  2:08  Zergling x2  
  26  2:14  Metabolic Boost  
  26  2:19  Drone  
  26  2:22  Drone  
  28  2:26  Drone  
  28  2:29  Drone  
  30  2:40  Queen  
  32  2:57  Hatchery  
  31  3:03  Drone x3  
  34  3:11  Overlord  
  34  3:14  Overlord  
  34  3:20  Lair  
  34  3:23  Drone  
  35  3:33  Evolution Chamber x2  
  31  3:41  Roach Warren  
  31  3:47  Spine Crawler  
  29  3:50  Drone x3  
  32  3:57  Queen  
  34  4:09  Zergling x4  
  39  4:10  Zergling x6  
Tags
 
Add a new tag
Caveats
  • Supply blocks, unpowered buildings, or Contaminate may cause inaccurate times.
  • Supply counts are checked every 10 seconds.